 Dungeon Crawl Stone Soup version 0.29.1-15-g9cfb28693d (webtiles) character file.

Game seed: 5432751301820603461

2498 kingofthe the Sneak (level 9, 0/51 HPs)
             Began as an Octopode Conjurer on Feb 25, 2023.
             Was an Initiate of Sif Muna.
             Slain by a killer bee (8 damage)
             ... on level 8 of the Dungeon.
             The game lasted 00:22:00 (10546 turns).

kingofthe the Sneak (Octopode Conjurer)            Turns: 10546, Time: 00:22:01

Health: 0/51       AC:  1    Str: 18    XL:     9   Next: 52%
Magic:  14/26      EV: 17    Int: 26    God:    Sif Muna [......]
Gold:   110        SH:  0    Dex: 17    Spells: 13/19 levels left

rFire   . . .      SeeInvis .   a - +6 dagger of Intimidation {protect, rElec Str+5 Dex+3}
rCold   . . .      Faith    .   (no shield)
rNeg    . . .      Spirit   .   (helmet restricted)
rPois   .          Reflect  .   (no amulet)
rElec   +          Harm     .   S - +6 ring of strength
rCorr   .          Rampage  .   L - ring of flight
Will    .....                   I - +6 ring of intelligence
Stlth   +++++.....              M - ring of magical power
HPRegen 0.17/turn               (no ring)
MPRegen 0.20/turn               (no ring)
                                (no ring)
                                (no ring)

@: flying
A: almost no armour, amphibious, 8 rings, camouflage 1, gelatinous body 1,
(nimble swimmer 1), tentacles
a: Renounce Religion


You were on level 8 of the Dungeon.
You worshipped Sif Muna.
Sif Muna was noncommittal.
You visited 2 branches of the dungeon, and saw 9 of its levels.

You collected 390 gold pieces.
You spent 280 gold pieces at shops.


Innate Abilities, Weirdness & Mutations

You cannot wear most types of armour.
You are amphibious.
You can wear up to eight rings at the same time.
Your skin changes colour to match your surroundings (Stealth+).
Your rubbery body absorbs attacks. (AC +1, EV +1)
((You are camouflaged when in or above water. (Stealth+)))
You have tentacles for arms and can constrict up to eight enemies at once.


   Skills:
 * Level 6.9 Dodging
 + Level 7.0 Stealth
 + Level 5.7 Spellcasting
 + Level 6.6 Conjurations
 * Level 5.3 Earth Magic


You had 13 spell levels left.
You knew the following spells:

 Your Spells              Type           Power      Damage    Failure   Level
a - Magic Dart            Conj           100%       1d8       1%          1
b - Searing Ray           Conj           84%        2d7       1%          2
c - Stone Arrow           Conj/Erth      76%        3d11      1%          3

Your spell library contained the following spells:

 Spells                   Type           Power      Damage    Failure   Level
 Sandblast                Erth           70%        2d15      1%          1
 Passwall                 Tmut/Erth      17%        N/A       3%          2
 Dazzling Flash           Conj/Hex       48%        N/A       5%          3
 Fulminant Prism          Conj/Hex       12%        3d9       19%         4
 Iskenderun's Mystic Bla  Conj/Tloc      24%        2d7       19%         4

Inventory:

Hand Weapons
 a - the +6 dagger of Intimidation (weapon) {protect, rElec Str+5 Dex+3}
   (You found it on level 3 of the Dungeon)

   It grants its wielder temporary protection when it strikes (+7 to AC).
   Str:       It affects your strength (+5).
   Dex:       It affects your dexterity (+3).
   rElec:     It insulates you from electricity.
 i - a +2 dagger of speed
 s - a +2 trident of venom
Missiles
 t - a throwing net {=f}
Magical Staves
 x - a staff of poison {!a}
Jewellery
 C - a ring of ice
 I - a +6 ring of intelligence (on tentacle)
 L - a ring of flight (right tentacle)
 M - a ring of magical power (on tentacle)
 S - a +6 ring of strength (left tentacle)
Wands
 r - a wand of polymorph (8)
Scrolls
 d - a scroll of identify {unknown}
 e - a scroll of noise {unknown}
 f - 4 scrolls of teleportation {unknown}
 g - 2 scrolls of enchant armour {unknown}
 j - 3 scrolls of vulnerability {unknown}
 q - a scroll of enchant weapon {unknown}
 u - a scroll of fear {unknown}
 w - a scroll of butterflies {unknown}
 y - a scroll of blinking {unknown}
Potions
 b - 2 potions of might {unknown}
 c - 5 potions of curing {@q1}
 h - a potion of flight {unknown}
 k - 2 potions of mutation {unknown}
 l - a potion of degeneration {unknown}
 m - a potion of cancellation {unknown}
 n - 2 potions of magic
 o - a potion of haste {unknown}
 p - a potion of heal wounds {unknown}
 v - a potion of resistance {unknown}
 z - a potion of berserk rage {unknown}

Dungeon Overview and Level Annotations

Branches:
Dungeon (8/15)             Temple (1/1) D:6
   Lair: D:8-11

Altars:
Ashenzari
Dithmenos
Elyvilon
Fedhas
Gozag
Hepliaklqana
Kikubaaqudgha
Makhleb
Okawaru
Qazlal
Ru
Sif Muna
Trog
Uskayaw
Wu Jian
Xom
Yredelemnul
Zin
The Shining One

Shops:
D:2 =   D:5 :   D:8 *

Annotations:
D:7 1 runed translucent door, Crazy Yiuf, Joseph

#...▒▒ ..#
#.#..▒▒..#
###.##..▒..#####
#.
...............>.
#y
####.####...####.
y. #####......#
#y ♣§.###.###.#
###. #♣♣§.♣##.#
.# ... #@§§.♣#..#
.. #.###yy⌠..#.##
.. #...........#
##. ###.........#
.. ###..⌠..###
#♣...♣# ♣♣∩♣♣ ♣♣♣


You could see 2 killer bees.


Message History

The killer bee poisons you!
It was a potion of curing.
You feel better. The killer bee misses you.
The killer bee completely misses you. The killer bee barely misses you.
The killer bee completely misses you.
You feel better. The killer bee misses you. The killer bee stings you.
* * * LOW HITPOINT WARNING * * *
The killer bee barely misses you. The killer bee stings you.
* * * LOW HITPOINT WARNING * * *
Casting: Searing Ray (safe; 1% risk of failure)
Confirm with . or Enter, or press ? or * to list all spells.
Aiming: Searing Ray (safe; 1% risk of failure)
Press: ? - help, Shift-Dir - straight line, f/p - killer bee
Aim: a killer bee (almost dead, 63% to hit)
The searing ray hits the killer bee!
You kill the killer bee!
Sif Muna accepts your kill. (Press . to maintain the ray.)
A killer bee comes into view.
The killer bee misses you. The killer bee stings you.
* * * LOW HITPOINT WARNING * * *
Casting: Searing Ray (safe; 1% risk of failure)
Confirm with . or Enter, or press ? or * to list all spells.
Restarting spell: Searing Ray (safe; 1% risk of failure)
Press: ? - help, Shift-Dir - straight line, f - killer bee
Aim: a killer bee (63% to hit)
The searing ray hits the killer bee.
The killer bee is moderately wounded. (Press . to maintain the ray.)
The killer bee completely misses you. The killer bee stings you!
You die...

Skill      XL: |  1  2  3  4  5  6  7  8  9 |
---------------+----------------------------+-----
Spellcasting   | 3 4 5 |  5.7
Stealth        | 3 4 5 6 7 |  7.0
Dodging        | 3 4 6 |  6.9
Conjurations   | 5 6 |  6.6
Earth Magic    | 2 4 5 |  5.3

Action                   |  1- 3 |  4- 6 |  7- 9 || total
-------------------------+-------+-------+-------++-------
Melee: Unarmed           |    14 |     1 |       ||    15
       Tentacles         |     2 |     1 |       ||     3
       Constrict         |     2 |     1 |       ||     3
       Punch             |     1 |       |       ||     1
       Dagger            |       |     4 |       ||     4
 Cast: Magic Dart        |    59 |    94 |    69 ||   222
       Searing Ray       |     6 |    19 |    15 ||    40
       Stone Arrow       |       |       |    55 ||    55
  Use: Potion            |       |       |     2 ||     2
Armor: Skin              |     1 |       |     2 ||     3
Dodge: Dodged            |     9 |    11 |    40 ||    60

Levels and vault maps discovered:
D:1:      lemuel_arrival_rhombus, layout_loops_ring,
          nicolae_ecumenical_lake_church
D:2:      minmay_spotlight, layout_rooms, serial_shops, nicolae_diamond_shop,
          grunt_decor_one_mirror, chequers_avenue, minmay_rat_hole, uniq_terence
D:3:      layout_basic, nicolae_ru_great_annihilating_truth,
          minmay_misc_feat_rows
D:4:      layout_cave_pods, grunt_decor_cap, uniq_robin
D:5:      layout_loops_ring, mainiacjoe_overflow_concentric_impassable,
          mainiacjoe_overflow_large_starburst, serial_shops, nicolae_square_shop
D:6:      layout_basic, overflow_temple_1_default,
          mainiacjoe_overflow_cross_hatched, minmay_temple_entry_nine_rooms,
          uniq_sigmund
D:7:      layout_gridville, uniq_joseph, uniq_crazy_yiuf_cottage
D:8:      layout_loops_cross, nicolae_ossuary_entry_giza, nicolae_shop_fire_sale
          [nicolae_sub_dead_trees], uniq_gastronok
Temple:   hellmonk_temple_forest_ring

Notes
Turn   | Place    | Note
-------+----------+-------------------------------------------
     0 | D:1      | kingofthe the Octopode Conjurer began the quest for the
                  | Orb.
     0 | D:1      | Reached XP level 1. HP: 11/11 MP: 3/3
   214 | D:1      | Reached XP level 2. HP: 17/17 MP: 1/5
   401 | D:1      | Found a faded altar of an unknown god.
   697 | D:1      | Reached skill level 3 in Spellcasting
   849 | D:1      | Reached XP level 3. HP: 21/21 MP: 1/7
  1296 | D:2      | Learned a level 2 spell: Searing Ray
  1632 | D:2      | Reached skill level 3 in Stealth
  1632 | D:2      | Reached XP level 4. HP: 6/27 MP: 0/8
  1983 | D:2      | Noticed Terence
  1990 | D:2      | Killed Terence
  2249 | D:2      | Reached XP level 5. HP: 31/31 MP: 0/10
  2751 | D:2      | Found Afyimp's Jewellery Emporium.
  2989 | D:3      | Found a sacrificial altar of Ru.
  3023 | D:3      | Reached skill level 3 in Dodging
  3139 | D:3      | HP: 3/31 [iguana (11)]
  3501 | D:3      | Reached XP level 6. HP: 12/36 MP: 6/11
  3818 | D:3      | Identified the +6 dagger of Intimidation {protect, rElec
                  | Str+5 Dex+3}
  4205 | D:3      | Reached skill level 4 in Spellcasting
  4527 | D:4      | Reached skill level 4 in Stealth
  4527 | D:4      | Reached skill level 5 in Conjurations
  4990 | D:4      | Learned a level 3 spell: Stone Arrow
  5190 | D:4      | Noticed Robin
  5194 | D:4      | Killed Robin
  5195 | D:4      | Reached XP level 7. HP: 41/41 MP: 3/13
  5642 | D:5      | Entered Level 5 of the Dungeon
  5756 | D:5      | Reached skill level 4 in Dodging
  5810 | D:5      | Found a shimmering altar of Xom.
  5831 | D:5      | Reached skill level 1 in Earth Magic
  5905 | D:5      | Found a bloodstained altar of Trog.
  6133 | D:5      | Found a shimmering blue altar of Sif Muna.
  6238 | D:5      | Reached skill level 2 in Earth Magic
  6334 | D:5      | Reached skill level 5 in Stealth
  6496 | D:5      | Became a worshipper of Sif Muna the Loreminder
  6578 | D:5      | Found Besmyac's Book Shop.
  6630 | D:5      | Reached XP level 8. HP: 46/46 MP: 5/15
  6909 | D:5      | Reached skill level 5 in Dodging
  7355 | D:6      | Found an ornate altar of the Wu Jian Council.
  7400 | D:6      | Reached skill level 3 in Earth Magic
  7474 | D:6      | Found a white marble altar of Elyvilon.
  7488 | D:6      | Reached skill level 5 in Spellcasting
  7488 | D:6      | Reached skill level 6 in Conjurations
  7833 | D:6      | Found a staircase to the Ecumenical Temple.
  7840 | Temple   | Entered the Ecumenical Temple
  8062 | D:6      | Noticed Sigmund
  8073 | D:6      | Killed Sigmund
  8144 | D:6      | Reached skill level 6 in Stealth
  8144 | D:6      | Reached skill level 4 in Earth Magic
  8263 | D:6      | Reached skill level 6 in Dodging
  8722 | D:7      | Reached XP level 9. HP: 51/51 MP: 12/16
  8980 | D:2      | Bought a ring of magical power for 280 gold pieces
  9795 | D:7      | Reached skill level 5 in Earth Magic
  9828 | D:7      | Found a runed translucent door.
  9829 | D:7      | Noticed Crazy Yiuf
  9913 | D:7      | Noticed Joseph
 10510 | D:8      | Found Bucanopp's Fire Supplies.
 10541 | D:8      | Reached skill level 7 in Stealth
 10542 | D:8      | HP: 5/51 [killer bee (2)]
 10542 | D:8      | HP: 1/51 [killer bee (4)]
 10546 | D:8      | Slain by a killer bee

Vanquished Creatures
  Sigmund (D:6)
  A wyvern (D:8)
  2 water moccasins
  An ice beast (D:6)
  A sky beast (D:7)
  2 ogres (D:5)
  A black bear (D:5)
  A centaur (D:7)
  A phantom (D:7)
  A kobold brigand (D:7)
  A bullfrog (D:7)
  6 scorpions
  3 killer bees (D:8)
  2 howler monkeys (D:6)
  2 jellies
  A gnoll bouda (D:5)
  An orc priest (D:7)
  Terence (D:2)
  4 orc wizards
  5 iguanas
  Robin (D:4)
  9 gnolls
  7 adders
  A white imp (D:7)
  3 ufetubi
  2 dart slugs
  10 orcs
  8 bats
  3 endoplasms
  7 giant cockroaches
  16 goblins
  14 hobgoblins
  5 jackals (D:2)
  13 kobolds
  4 quokkas
  8 ball pythons
  6 frilled lizards
  24 rats
179 creatures vanquished.

Table legend: (Time is in decaauts)
 A = Elapsed time spent in this place.
 B = Non-inter-level travel time spent in this place.
 C = Inter-level travel time spent in this place.
 D = Time resting spent in this place.
 E = Time spent auto-exploring this place.
 F = Levels seen in this place.
 G = Mean time per level.
                   A        B        C        D        E       F      G
               +--------+--------+--------+--------+--------+-----+--------+
         Total |  10553 |   9724 |    829 |   2778 |   5877 |   9 | 1172.6 |
       Dungeon |  10388 |   9572 |    816 |   2778 |   5737 |   8 | 1298.5 |
        Temple |    164 |    151 |     13 |      0 |    140 |   1 |  164.0 |
               +--------+--------+--------+--------+--------+-----+--------+

Top non-repeatable levels by time:
     D:2: 1725 daAuts
     D:3: 1657 daAuts
     D:6: 1494 daAuts
     D:7: 1438 daAuts
     D:5: 1413 daAuts
     D:4: 1331 daAuts
     D:1: 1219 daAuts
  Temple: 164 daAuts
     D:8: 108 daAuts

Table legend:
 A = Non-vault XP
 B = Vault XP
 C = Vault XP percentage of total XP
 D = Non-vault monster count
 E = Vault monster count
 F = Vault count percentage of total count
                 A         B        C        D         E       F
            +---------+---------+-------+---------+---------+-------
      Total |    3171 |     398 |  11.2 |     132 |      47 |  26.3
            +---------+---------+-------+---------+---------+-------
        D:1 |      40 |       0 |   0.0 |      22 |       0 |   0.0
        D:2 |      49 |      96 |  66.2 |      23 |      30 |  56.6
        D:3 |     130 |      42 |  24.4 |      19 |       4 |  17.4
        D:4 |     248 |      37 |  13.0 |      14 |      12 |  46.2
        D:5 |     705 |       0 |   0.0 |      20 |       0 |   0.0
        D:6 |     744 |     223 |  23.1 |      13 |       1 |   7.1
        D:7 |     869 |       0 |   0.0 |      17 |       0 |   0.0
        D:8 |     386 |       0 |   0.0 |       4 |       0 |   0.0
            +---------+---------+-------+---------+---------+-------
